Map: Orbital Shipyard

Players

Lilbow - Winner!

  • Race: Protoss Protoss
  • League: Grandmaster

MarineLorD

  • Race: Terran Terran
  • League: Grandmaster

Event: 2016 WCS Winter Challenger Europe

VOD

Have the link to the VOD?

Description

Time

  • Played on: Feb. 13, 2016, 11:37 a.m.
  • Length: 17:15

All games in this series

Show
View Real Time Build Order
Export as new Build Order

Lilbow Protoss - Winner!

Build Orders: 1 Gate Expand, Blink Stalkers 

Get SALT Encoding   

  12  0:01  Probe (Chrono Boost)  
  13  0:11  Probe (Chrono Boost)  
  14  0:17  Pylon  
  14  0:22  Probe (Chrono Boost)  
  15  0:35  Probe (Chrono Boost), Gateway  
  16  0:46  Probe (Chrono Boost)  
  16  0:47  Assimilator  
  17  0:56  Probe (Chrono Boost)  
  18  1:07  Probe (Chrono Boost)  
  19  1:17  Probe (Chrono Boost)  
  20  1:24  Nexus  
  20  1:31  Cybernetics Core  
  20  1:35  Probe (Chrono Boost)  
  20  1:39  Assimilator  
  21  1:46  Probe (Chrono Boost)  
  22  1:50  Pylon  
  22  1:56  Probe (Chrono Boost)  
  25  2:08  Mothership Core (Chrono Boost)  
  25  2:10  Adept  
  27  2:19  Warp Gate  
  27  2:27  Probe (Chrono Boost)  
  28  2:36  Probe (Chrono Boost)  
  29  2:37  Probe (Chrono Boost)  
  30  2:46  Robotics Facility  
  30  2:47  Probe (Chrono Boost)  
  30  2:48  Probe (Chrono Boost)  
  32  2:57  Probe (Chrono Boost)  
  34  2:58  Probe (Chrono Boost)  
  34  3:03  Twilight Council  
  34  3:08  Probe (Chrono Boost)  
  34  3:09  Probe (Chrono Boost)  
  34  3:12  Stalker  
  38  3:18  Probe (Chrono Boost)  
  38  3:19  Probe (Chrono Boost)  
  40  3:23  Gateway  
  40  3:31  Gateway  
  40  3:34  Observer  
  40  3:35  Probe (Chrono Boost)  
  40  3:38  Probe (Chrono Boost)  
  43  3:43  Pylon  
  43  3:44  Assimilator  
  43  3:45  Probe (Chrono Boost)  
  44  3:49  Probe (Chrono Boost), Blink, Assimilator  
  45  3:56  Probe (Chrono Boost)  
  45  4:01  Probe (Chrono Boost)  
  47  4:02  Pylon  
  47  4:03  Observer  
  47  4:06  Probe (Chrono Boost)  
  49  4:11  Probe (Chrono Boost)  
  51  4:17  Probe (Chrono Boost), Nexus  
  51  4:22  Pylon  
  52  4:27  Probe (Chrono Boost)  
  52  4:29  Stalker x2  
  56  4:33  Stalker  
  56  4:35  Probe (Chrono Boost)  
  59  4:40  Probe (Chrono Boost)  
  60  4:46  Probe (Chrono Boost)  
  61  4:52  Pylon  
  61  4:54  Stalker x2  
  61  4:57  Stalker  
  61  4:58  Probe x2 (Chrono Boost)  
  68  5:08  Probe (Chrono Boost)  
  68  5:09  Probe (Chrono Boost)  
  70  5:19  Probe (Chrono Boost)  
  70  5:20  Probe (Chrono Boost)  
  70  5:21  Sentry, Forge  
  74  5:22  Forge  
  74  5:23  Pylon  
  74  5:28  Sentry x2  
  78  5:29  Probe (Chrono Boost)  
  78  5:30  Probe x2 (Chrono Boost)  
  78  5:34  Pylon  
  81  5:40  Probe x2 (Chrono Boost)  
  81  5:41  Probe (Chrono Boost)  
  84  5:50  Probe (Chrono Boost)  
  84  5:51  Probe x2 (Chrono Boost)  
  84  5:54  Protoss Ground Weapons Level 1 (Chrono Boost)  
  84  5:55  Protoss Ground Armor Level 1 (Chrono Boost)  
  87  5:58  Assimilator  
  87  5:59  Robotics Facility  
  87  6:01  Probe x2 (Chrono Boost)  
  87  6:02  Probe (Chrono Boost), Assimilator  
  90  6:06  Resonating Glaives  
  90  6:07  Pylon  
  90  6:11  Probe x2 (Chrono Boost)  
  90  6:12  Probe (Chrono Boost)  
  90  6:15  Gateway x2  
  93  6:20  Robotics Bay  
  93  6:28  Photon Cannon  
  93  6:29  Photon Cannon  
  93  6:31  Photon Cannon  
  93  6:32  Photon Cannon  
  93  6:38  Stalker, Adept x2  
  99  6:43  Pylon  
  99  6:56  Gateway x2  
  99  6:59  Pylon  
  99  7:01  Colossus (Chrono Boost)  
  99  7:04  Pylon  
  99  7:07  Extended Thermal Lance  
  105  7:19  Stalker x3  
  105  7:22  Nexus  
  111  7:26  Adept x2  
  115  7:38  Protoss Ground Armor Level 2 (Chrono Boost), Protoss Ground Weapons Level 2 (Chrono Boost)  
  115  7:44  Pylon  
  115  7:47  Colossus  
  115  7:48  Probe x3  
  115  7:50  Assimilator  
  118  7:54  Assimilator  
  124  8:00  Probe x2  
  124  8:05  Stalker x3, Adept x3  
  132  8:06  Adept  
  132  8:10  Pylon  
  140  8:27  Pylon  
  140  8:28  Pylon  
  140  8:34  Colossus  
  140  8:36  Photon Cannon  
  140  8:39  Templar Archives  
  140  8:45  Pylon  
  146  8:49  Stargate  
  146  8:51  Photon Cannon  
  146  8:53  Photon Cannon  
  146  8:54  Adept x3  
  146  8:55  Stalker, Adept x2  
  158  9:10  Psionic Storm  
  158  9:13  Gateway  
  158  9:14  Gateway  
  158  9:16  Gateway  
  158  9:18  Gateway  
  158  9:23  High Templar  
  158  9:24  High Templar x4  
  166  9:27  Pylon  
  168  9:36  Phoenix  
  170  9:38  Fleet Beacon  
  170  9:49  Photon Cannon, Protoss Ground Weapons Level 3 (Chrono Boost)  
  170  9:50  Protoss Ground Armor Level 3 (Chrono Boost)  
  170  9:51  Photon Cannon  
  170  9:54  Photon Cannon  
  170  9:56  Pylon  
  168  10:14  Stargate  
  168  10:21  Tempest (Chrono Boost)  
  168  10:26  Photon Cannon  
  172  10:30  Photon Cannon  
  172  10:32  Observer, Gateway  
  173  10:35  Gateway  
  173  10:38  Gateway  
  173  10:39  Protoss Air Weapons Level 1  
  173  10:41  High Templar  
  173  10:42  Photon Cannon  
  175  10:54  Tempest x2 (Chrono Boost)  
  175  10:57  Photon Cannon  
  183  11:08  High Templar x2  
  187  11:13  Stalker x3  
  187  11:15  Adept x2  
  193  11:52  Photon Cannon  
  191  12:05  Adept x3  
  191  12:06  Adept  
  199  12:36  Nexus  
  197  12:43  Pylon  
  197  12:44  Phoenix  
  197  12:45  Pylon  
  197  12:47  Assimilator  
  199  12:54  Assimilator  
  197  13:06  Gateway x2  
  197  13:07  Gateway  
  197  13:13  Charge  
  197  13:26  Stalker  
  198  13:36  Adept x2  
  198  13:37  Adept x5  
  190  13:50  Adept  
  188  13:55  Colossus  
  188  13:57  Tempest x2  
  188  13:58  Stalker x5  
  188  13:59  Adept x6  
  188  14:00  Adept  
  154  14:09  Adept x3  
  117  14:13  Probe  
  117  14:15  Probe  
  115  14:22  High Templar x3  
  115  14:23  High Templar x4  
  115  14:24  High Templar x3  
  131  14:25  Stalker x2  
  139  14:34  Tempest  
  143  14:49  Colossus  
  139  14:54  Archon x5  
  139  14:58  High Templar x3  
  139  14:59  Zealot x9  
  119  15:29  Stalker  
  119  15:30  Stalker x6  
  119  15:31  Stalker  
  119  15:35  Archon  
  123  15:41  High Templar x2  
  123  15:42  Colossus, Zealot x6  
  139  16:07  High Templar x2  
  139  16:08  Zealot x8  
  159  16:37  Observer  
  168  16:59  Archon  
  169  17:04  High Templar x4  
  169  17:05  Zealot x9  
Show
View Real Time Build Order
Export as new Build Order

MarineLorD Terran 

Build Orders: Reaper Expand, MMM Bio 

Get SALT Encoding   

  12  0:00  SCV  
  13  0:12  SCV  
  14  0:17  Supply Depot  
  14  0:24  SCV  
  15  0:39  SCV  
  15  0:41  Barracks  
  16  0:45  Refinery  
  16  0:51  SCV  
  17  1:03  SCV  
  18  1:15  SCV  
  19  1:27  Orbital Command  
  19  1:29  Reaper  
  20  1:41  Command Center  
  20  1:50  Supply Depot  
  20  1:52  SCV  
  21  2:01  Barracks Reactor  
  21  2:05  SCV  
  22  2:17  SCV  
  23  2:27  Factory  
  23  2:29  SCV  
  24  2:34  Refinery  
  24  2:38  Marine x2  
  24  2:41  SCV  
  27  2:53  SCV, Orbital Command  
  27  2:56  Marine x2  
  30  3:05  SCV  
  31  3:12  Widow Mine, Starport  
  33  3:14  Marine x2  
  33  3:17  SCV  
  33  3:19  SCV  
  36  3:29  SCV  
  36  3:31  Marine  
  36  3:32  Marine  
  39  3:37  SCV  
  39  3:40  Widow Mine  
  42  3:41  SCV  
  42  3:43  Supply Depot  
  42  3:46  Supply Depot  
  43  3:49  SCV  
  43  3:50  Medivac  
  43  3:51  Supply Depot  
  46  4:03  Liberator  
  46  4:05  SCV x2, Marine x2  
  46  4:09  Engineering Bay  
  50  4:11  Factory Tech Lab  
  50  4:14  Supply Depot  
  50  4:17  SCV x2  
  50  4:24  Marine x2  
  55  4:29  SCV x2  
  59  4:32  Supply Depot  
  59  4:39  Siege Tank  
  59  4:41  SCV x2  
  59  4:42  Missile Turret, Marine x2  
  59  4:43  Missile Turret  
  66  4:46  Supply Depot  
  65  4:53  SCV x2  
  65  4:59  Liberator, Marine x2  
  65  5:05  SCV  
  58  5:07  SCV  
  58  5:12  Siege Tank  
  58  5:13  Command Center  
  60  5:17  Marine x2  
  60  5:18  SCV  
  60  5:19  SCV  
  67  5:27  Barracks  
  67  5:30  SCV, Barracks  
  67  5:31  SCV  
  67  5:35  Marine x2  
  70  5:37  Refinery  
  70  5:38  Refinery  
  71  5:43  SCV  
  71  5:44  Siege Tank, SCV  
  76  5:56  SCV x2  
  78  5:59  Supply Depot  
  78  6:00  Barracks  
  78  6:01  Supply Depot, Barracks  
  78  6:03  Terran Infantry Weapons Level 1  
  78  6:06  Starport Reactor  
  78  6:08  SCV x2  
  80  6:14  Marine x2  
  82  6:20  SCV x2  
  82  6:23  Factory Tech Lab, Barracks Tech Lab  
  82  6:25  Marine  
  85  6:26  Stimpack  
  85  6:31  Orbital Command  
  85  6:32  SCV x2  
  87  6:33  Marine x2  
  89  6:40  Bunker  
  89  6:43  Marauder  
  89  6:44  SCV x2  
  93  6:48  Barracks Reactor  
  93  6:53  Marine x2  
  95  6:54  Factory Reactor  
  95  6:56  SCV, Orbital Command  
  95  6:57  SCV  
  98  7:02  Refinery  
  98  7:03  Combat Shields  
  98  7:04  Marauder x2  
  98  7:05  Medivac  
  98  7:07  Refinery  
  103  7:08  SCV  
  103  7:09  Medivac, SCV  
  103  7:14  Marine  
  108  7:15  Marine  
  108  7:16  Marauder  
  108  7:20  SCV  
  108  7:21  SCV  
  108  7:22  SCV  
  114  7:25  Marine  
  114  7:27  Concussive Shells  
  114  7:28  Marine x2  
  117  7:32  Supply Depot, SCV  
  117  7:33  Supply Depot x2, SCV  
  117  7:34  SCV  
  117  7:35  Supply Depot  
  117  7:36  Liberator x2, Marine  
  123  7:37  Marauder  
  123  7:48  Marine  
  123  7:49  Marine  
  125  7:52  Missile Turret  
  125  7:53  Marine x3  
  125  7:54  Marine  
  125  7:57  Missile Turret, Terran Infantry Armor Level 1  
  134  8:00  Supply Depot  
  134  8:01  Supply Depot  
  134  8:03  Marauder  
  134  8:04  Supply Depot  
  136  8:06  Marine x2  
  136  8:07  Widow Mine x2  
  136  8:11  Marine  
  143  8:18  Marine x2  
  143  8:19  Marauder, Liberator x2  
  147  8:24  Supply Depot, Command Center, Marine  
  147  8:27  Supply Depot  
  148  8:31  Armory, Engineering Bay  
  148  8:39  Missile Turret  
  156  8:41  Marauder x2  
  156  8:47  Starport  
  158  8:52  Fusion Core, Marauder, Supply Depot  
  160  8:58  Widow Mine  
  160  8:59  Widow Mine  
  164  9:06  Marauder x2  
  164  9:07  Ghost Academy  
  168  9:12  Sensor Tower  
  168  9:17  Marauder  
  168  9:18  Terran Infantry Weapons Level 2  
  168  9:20  Terran Ship Weapons Level 1  
  168  9:23  Marine x3  
  173  9:24  Starport Tech Lab  
  173  9:35  Command Center  
  173  10:00  Refinery, Advanced Ballistics  
  173  10:02  Barracks x2  
  173  10:04  Refinery, Barracks  
  173  10:12  Ghost  
  173  10:13  Ghost x2  
  179  10:23  Planetary Fortress  
  179  10:31  Terran Infantry Armor Level 2  
  179  10:34  Viking x3  
  185  10:44  Command Center  
  185  10:45  Ghost x2  
  185  10:48  Liberator  
  185  10:49  Command Center  
  188  11:04  Viking x2  
  195  11:13  Missile Turret  
  195  11:17  Ghost, Liberator  
  196  11:27  Terran Ship Weapons Level 2  
  196  11:34  Barracks Tech Lab x2  
  196  11:35  Barracks Tech Lab  
  196  11:39  Terran Infantry Weapons Level 3  
  196  11:41  Ghost  
  196  11:45  Viking  
  199  11:55  Personal Cloaking  
  199  11:57  Orbital Command  
  199  12:00  Command Center  
  196  12:14  Viking  
  196  12:15  Viking  
  200  12:16  Orbital Command  
  200  12:18  Missile Turret  
  200  12:58  Viking x2  
  198  13:07  Viking  
  200  13:17  Command Center  
  200  13:18  Command Center  
  200  13:19  Orbital Command  
  200  13:23  Command Center  
  196  13:48  Ghost x3  
  188  14:00  Marine x5  
  188  14:01  Marauder x2  
  152  14:08  Liberator x3  
  115  14:14  Planetary Fortress  
  115  14:17  Marauder, Marine x2  
  102  14:18  Marine x4  
  102  14:19  Marauder  
  102  14:22  Marauder  
  102  14:23  Marauder  
  123  14:32  Terran Infantry Armor Level 3  
  123  14:34  Marine x2  
  123  14:36  Marine x4  
  123  14:37  Orbital Command  
  127  14:39  Marauder  
  127  14:40  Marine  
  127  14:43  Marauder, Marine  
  130  14:51  Liberator x3  
  130  14:52  Marine  
  121  14:53  Marauder, Marine  
  121  14:54  Marine x3  
  121  14:58  Marauder  
  113  15:00  Marauder  
  113  15:01  Marine  
  113  15:04  Marine  
  109  15:11  Marauder, Marine x3  
  109  15:12  Marine  
  122  15:14  Marauder  
  122  15:19  Marauder  
  122  15:20  Marauder  
  115  15:21  Marauder  
  115  15:22  Marine  
  114  15:29  Marine x4  
  114  15:32  Marauder  
  105  15:35  Marauder  
  105  15:40  Marauder  
  105  15:41  Marauder x2  
  96  15:43  Marauder  
  96  15:45  Barracks x2  
  96  15:47  Marine x4  
  99  15:51  Viking x3  
  99  15:53  Marauder  
  109  15:57  Marauder  
  109  16:02  Marauder x3, Orbital Command  
  109  16:03  Orbital Command  
  115  16:04  Marauder  
  115  16:05  Marine x2  
  115  16:09  Marine  
  115  16:11  Marine  
  121  16:15  Marauder  
  125  16:18  Marauder  
  125  16:20  Viking  
  125  16:21  Viking x2  
  125  16:22  Marine  
  125  16:23  Marauder x2, Marine  
  125  16:24  Marauder  
  139  16:26  Marauder, Marine  
  139  16:28  Marine  
  143  16:36  Marauder  
  143  16:39  Marine  
Tags
 
Add a new tag
Caveats
  • Supply blocks, unpowered buildings, or Contaminate may cause inaccurate times.
  • Supply counts are checked every 10 seconds.